 Dungeon Crawl Stone Soup version 0.16-a0-4088-g7c8221e (webtiles) character file.

161 toofou the Conjurer (level 5, -6/28 HPs)
             Began as a Deep Elf Conjurer on Feb 23, 2015.
             Killed from afar by an orc wizard (9 damage)
             ... with a magic dart
             ... on level 4 of the Dungeon.
             The game lasted 00:22:22 (2638 turns).

toofou the Conjurer (Deep Elf Conjurer)             Turns: 2638, Time: 00:22:23

Health: -6/28      AC:  2    Str:  5    XL:     5   Next: 18%
Magic:  1/18       EV: 14    Int: 21    God:
Gold:   149        SH:  0    Dex: 15    Spells: 2 memorised, 9 levels left

rFire  . . .     SeeInvis .     g - +0 club
rCold  . . .     Clarity  .     a - +0 robe
rNeg   . . .     SustAb   .     (no shield)
rPois  .         Gourm    .     (no helmet)
rElec  .         Spirit   .     (no cloak)
rCorr  .         Warding  .     (no gloves)
rMut   .         Stasis   .     (no boots)
MR     .....                    (no amulet)
Stlth  ++........               (no ring)
                                (no ring)

@: not resistant to hostile enchantments, unstealthy
A: no striking features
a: no special abilities


You were on level 4 of the Dungeon.
You were hungry.

You visited 1 branch of the dungeon, and saw 4 of its levels.

You collected 149 gold pieces.

Inventory:

Hand weapons
 g - a +0 club (weapon)
Armour
 a - a +0 robe (worn)
 f - a +0 ring mail
Magical devices
 p - a wand of magic darts (33)
Scrolls
 h - 2 scrolls of fog {unknown}
 i - 2 scrolls of identify
 l - a scroll of enchant armour
 n - a scroll of remove curse {unknown}
Potions
 e - a potion of might {unknown}
 j - 3 potions of poison {unknown}
 k - a potion of heal wounds {unknown}
 m - 2 potions of curing {unknown}
Books
 c - a book of Conjurations

   Spells                             Type                      Level
   a - Magic Dart                     Conjuration                  1
   b - Searing Ray                    Conjuration                  2
   c - Dazzling Spray                 Conjuration/Hexes            3
   d - Fulminant Prism                Conjuration/Hexes            4
   e - Iskenderun's Mystic Blast      Conjuration                  4
   f - Iskenderun's Battlesphere      Conjuration/Charms           5
Comestibles
 b - 3 bread rations
 d - 2 fruits
 o - a beef jerky


   Skills:
 + Level 0.2 Fighting
 * Level 3.7 Dodging
 - Level 2.4 Stealth
 + Level 4.2 Spellcasting
 + Level 6.0 Conjurations


You had 9 spell levels left.
You knew the following spells:

 Your Spells              Type           Power        Failure   Level  Hunger
a - Magic Dart            Conj           ####         1%          1    None
b - Searing Ray           Conj           ####..       1%          2    #......


Dungeon Overview and Level Annotations

Branches:
Dungeon (4/15)
 Temple: D:4-7

Altars:
Qazlal


Message History

The orc wizard shouts!
The orc wizard casts a spell at you. The magic dart hits you!
Casting: Magic Dart
Confirm with . or Enter, or press ? or * to list all spells.
You don't have enough magic to cast that spell.
Unknown command.
Casting: Magic Dart
Confirm with . or Enter, or press ? or * to list all spells.
You don't know that spell.
You closely miss the orc wizard.
The orc wizard is severely wounded.
The orc wizard hits you with a dagger of speed.
* * * LOW HITPOINT WARNING * * *
The orc hits you but does no damage.
The orc wizard hits you with a dagger of speed.
* * * LOW HITPOINT WARNING * * *
The orc wizard casts a spell at you. The magic dart hits you!
You die...

... #.#.# ..[ #.#.#
#.# #.#.# #.# #...#
######.# ###.#
#......#####.#
#.##......##.#
#.##.####.##.#
...######.##@# #.##.#
...)...o..o..####.##.#
#.##......o.......(..#
#.####.#######.##.# #.
#.# #)##.# ..# #....#
#### ######


You could see 2 orc wizards and an orc.

Vanquished Creatures
  A hound (D:4)
  5 adders (D:2)
  2 worms (D:2)
  4 giant geckos
  An orc (D:4)
  4 giant cockroaches
  8 goblins
  11 hobgoblins
  3 jackals (D:1)
  5 kobolds
  A quokka (D:2)
  2 ball pythons
  7 bats
  A giant gecko skeleton (D:4)
  5 giant newts
  4 rats
64 creatures vanquished.

Notes
Turn   | Place    | Note
--------------------------------------------------------------
     0 | D:1      | toofou, the Deep Elf Conjurer, began the quest for the Orb.
     0 | D:1      | Reached XP level 1. HP: 10/10 MP: 5/5
   454 | D:1      | Reached XP level 2. HP: 15/15 MP: 3/8
   500 | D:1      | Learned a level 2 spell: Searing Ray
   588 | D:1      | Reached skill level 5 in Conjurations
   791 | D:1      | Reached XP level 3. HP: 16/19 MP: 4/11
  1264 | D:2      | Reached XP level 4. HP: 20/24 MP: 7/14
  1942 | D:3      | Found a stormy altar of Qazlal.
  2599 | D:4      | Reached skill level 6 in Conjurations
  2599 | D:4      | Reached XP level 5. HP: 26/28 MP: 8/18
  2638 | D:4      | Killed from afar by an orc wizard

Action                   |  1- 3 |  4- 6 || total
-------------------------+-------+-------++-------
Melee: Club              |    12 |     1 ||    13
       Unarmed           |     4 |       ||     4
 Cast: Magic Dart        |    69 |    65 ||   134
  Use: Scroll            |       |     1 ||     1
  Eat: Bread ration      |     1 |       ||     1
